 Dungeon Sprint DCSS version 0.30.1-11-g7821555f0a (webtiles) character file.

Game seed: 4659441067470820860

254 Heoruswealwe the Spear-Bearer (level 5, -2/53 HPs)
             Began as a Minotaur Fighter on Nov 20, 2023.
             Was an Initiate of Gozag.
             Slain by a gargoyle
             ... wielding a +0 flail
              (3 damage)
             ... in the Dungeon (Sprint IX: "|||||||||||||||||||||||||||||").
             The game lasted 00:02:45 (163 turns).

Heoruswealwe the Spear-Bearer (Minotaur Fighter)     Turns: 163, Time: 00:02:46

Health: -2/53      AC: 15    Str: 23    XL:     5   Next: 90%
Magic:  4/4        EV:  9    Int:  5    God:    Gozag
Gold:   0          SH:  0    Dex:  9    Spells: 4/4 levels left

rFire   . . .        b - +2 halberd (protect)
rCold   . . .        (shield currently unavailable)
rNeg    . . .        c - +0 plate armour
rPois   .            (helmet restricted)
rElec   .            (no cloak)
rCorr   .            (no gloves)
SInv    .            e - +0 pair of boots
Will    .....        (no amulet) Stlth
                     k - +2 ring of evasion
HPRegen 0.28/turn    (no ring)
MPRegen 0.09/turn

%: no teleportation
@: no status effects
A: horns 2, retaliatory headbutt
a: Renounce Religion, Potion Petition, Call Merchant, Bribe Branch


You were in the Dungeon.
You worshipped Gozag.
Gozag was noncommittal.
You visited 1 branch

Inventory:

Hand Weapons
 a - a +0 trident
 b - a +2 halberd of protection (weapon)
Armour
 c - a +0 plate armour (worn)
 d - a +0 buckler
 e - a +0 pair of boots (worn)
Jewellery
 k - a +2 ring of evasion (left hand)
Wands
 h - a wand of quicksilver (10)
Scrolls
 j - 2 scrolls of blinking
Potions
 g - a potion of haste
 i - a potion of berserk rage
 l - 4 potions of curing
 m - a potion of might


   Skills:
 + Level 8.2 Fighting
 * Level 10.6 Polearms
 + Level 8.2 Armour
 - Level 3.6 Shields


You had 4 spell levels left.
You didn't know any spells.
Your spell library was empty.

Dungeon Overview and Level Annotations

Branches:
Dungeon (1/1)

Altars:
Cheibriados
Dithmenos
Elyvilon
Fedhas
Gozag
Hepliaklqana
Kikubaaqudgha
Makhleb
Nemelex Xobeh
Okawaru
Qazlal
Ru
Sif Muna
Trog
Uskayaw
Vehumet
Wu Jian
Xom
Yredelemnul
Zin
The Shining One
Jiyva
Lugonu


Innate Abilities, Weirdness & Mutations

You have a pair of horns on your head.
You reflexively headbutt those who attack you in melee.


Message History

The acid dragon bites you! The acid dragon barely misses you.
You hit the acid dragon but do no damage.
Your headbutt misses the acid dragon.
The acid dragon is severely wounded.
The acid dragon bites you but does no damage.
The acid dragon misses you.
You slice the acid dragon!!
You kill the acid dragon!
You are no longer corroded.
The killer bee is distracted by your dazzling golden aura.
The wight is distracted by your dazzling golden aura.
Your Fighting skill increases to level 8!
Your Polearms skill gained 2 levels and is now at level 10!
Your Armour skill increases to level 8!
You hit the gargoyle but do no damage.
You headbutt the gargoyle, but do no damage.
The gargoyle hits you but does no damage.
You hit the gargoyle. You headbutt the gargoyle.
The gargoyle is moderately damaged.
The gargoyle closely misses you.
You barely miss the gargoyle.
The gargoyle is moderately damaged.
The wight is no longer distracted by gold.
The killer bee is no longer distracted by gold.
The gargoyle hurls a stone arrow at you.
The stone arrow hits you!!
* * * LOW HITPOINT WARNING * * *
You feel much better.
The gargoyle hurls a stone arrow at you.
The stone arrow hits you!!
You completely miss the gargoyle.
The gargoyle is moderately damaged.
The gargoyle hurls a stone arrow at you.
The stone arrow hits you!
* * * LOW HITPOINT WARNING * * *
You barely miss the gargoyle.
The gargoyle is moderately damaged.
The gargoyle hits you with a +0 flail.
You die...
Your body crumbles into a pile of gold. $$$$$ $$$$$ $ $ $ $$$$$ $ $ ▓▓▓▓▓▓▓▓▓▓▓▓▓▓▓▓▓▓▓▓▓▓▓▓ ______'!?)[[=...@9zyc..+ ▓▓▓▓▓▓▓▓▓▓▓▓▓▓▓▓▓▓▓▓▓▓▓▓

You could see a gargoyle, a centaur, a killer bee and a wight.

Vanquished Creatures
  An acid dragon (D)
  A kobold brigand (D)
  A scorpion (D)
  3 orcs (D)
  A goblin (D)
  A hobgoblin (D)
  A jackal (D)
  A kobold (D)
  A quokka (D)
  A rat (D)
12 creatures vanquished.

Notes
Turn   | Place    | Note
-------+----------+-------------------------------------------
     0 | D        | Heoruswealwe the Minotaur Fighter began the quest for the
                  | Orb.
     0 | D        | Reached XP level 1. HP: 19/19 MP: 0/0
    10 | D        | Reached skill level 3 in Polearms
    37 | D        | Noticed a scorpion
    44 | D        | Killed a scorpion
    45 | D        | Reached skill level 5 in Fighting
    45 | D        | Reached skill level 6 in Polearms
    45 | D        | Reached skill level 5 in Armour
    45 | D        | Reached XP level 2. HP: 25/30 MP: 1/1
    45 | D        | Reached XP level 3. HP: 31/37 MP: 2/2
    51 | D        | Reached skill level 7 in Polearms
    51 | D        | Reached XP level 4. HP: 26/44 MP: 3/3
    61 | D        | Found a snail-covered altar of Cheibriados.
    61 | D        | Found a shadowy altar of Dithmenos.
    61 | D        | Found a white marble altar of Elyvilon.
    61 | D        | Found a blossoming altar of Fedhas.
    61 | D        | Found an opulent altar of Gozag.
    62 | D        | Found a hazy altar of Hepliaklqana.
    63 | D        | Found a viscous altar of Jiyva.
    64 | D        | Found an ancient bone altar of Kikubaaqudgha.
    65 | D        | Found a corrupted altar of Lugonu.
    66 | D        | Found a burning altar of Makhleb.
    67 | D        | Found a sparkling altar of Nemelex Xobeh.
    68 | D        | Found an iron altar of Okawaru.
    69 | D        | Became a worshipper of Gozag Ym Sagoz the Greedy
    70 | D        | Found a stormy altar of Qazlal.
    71 | D        | Found a sacrificial altar of Ru.
    72 | D        | Found a shimmering blue altar of Sif Muna.
    73 | D        | Found a bloodstained altar of Trog.
    74 | D        | Found a hide-covered altar of Uskayaw.
    75 | D        | Found a radiant altar of Vehumet.
    76 | D        | Found an ornate altar of the Wu Jian Council.
    77 | D        | Found a shimmering altar of Xom.
    78 | D        | Found a basalt altar of Yredelemnul.
    79 | D        | Found a glowing silver altar of Zin.
    80 | D        | Found a glowing golden altar of the Shining One.
   140 | D        | Noticed a kobold brigand
   140 | D        | Noticed an acid dragon
   140 | D        | Noticed a gargoyle
   140 | D        | Noticed a centaur
   144 | D        | Killed a kobold brigand
   145 | D        | Reached skill level 8 in Polearms
   145 | D        | Reached XP level 5. HP: 42/52 MP: 4/4
   157 | D        | Killed an acid dragon
   158 | D        | Reached skill level 10 in Polearms
   162 | D        | HP: 1/53 [gargoyle/stone arrow (17)]
   163 | D        | Slain by a gargoyle

Illustrated notes

Levels and vault maps discovered:
D:        linesprint [early_d, line_temple, items_1, d_10, items_2, lair_1,
          lair_end, items_3, orc_1, orc_end, items_4, d_15, swamp_1, shoals_1,
          snake_1, spider_1, d_20, vaults_1, items_5, swamp_end, shoals_end,
          snake_end, spider_end, vaults_end, d_27, items_6, zot_1, zot_end,
          crypt_end, forest_end, elf_end, slime_end, tomb_end, abyss_end,
          pan_hell_end]

Skill      XL: |  1  2  3  4  5 |
---------------+----------------+-----
Polearms       | 6 7 8 10 | 10.6
Fighting       | 5 7 8 |  8.2
Armour         | 5 7 8 |  8.2
Shields        | |  3.6

Action                     |  1- 3 |  4- 6 || total
---------------------------+-------+-------++-------
  Melee: Trident           |    27 |     4 ||    31
         Headbutt          |     2 |     4 ||     6
         Halberd           |       |    19 ||    19
    Use: Potion            |     1 |     3 ||     4
 Armour: Scale mail        |     6 |     2 ||     8
         Plate armour      |       |     9 ||     9
  Dodge: Dodged            |     8 |    12 ||    20
  Block: Buckler           |     6 |       ||     6
